 Dungeon Crawl Stone Soup version 0.24.0-37-gcf1ca852f1 (webtiles) character file.

Game seed: 5401966937698847668, levelgen mode: deterministic

112 PentaManta the Ducker (level 4, 0/23 HPs)
             Began as a Spriggan Gladiator on Dec 5, 2019.
             Slain by an orc wizard
             ... wielding a +0 dagger
              (3 damage)
             ... on level 2 of the Dungeon.
             The game lasted 00:05:00 (3285 turns).

PentaManta the Ducker (Spriggan Gladiator)          Turns: 3285, Time: 00:05:01

Health: 0/23       AC:  2    Str: 10    XL:     4   Next: 64%
Magic:  5/5        EV: 21    Int:  9    God:
Gold:   19         SH:  0    Dex: 18    Spells: 3/3 levels left

rFire    + . .     SeeInvis +   d - +0 dagger
rCold    . . .     Gourm    .   (shield restricted)
rNeg     . . .     Faith    .   b - +0 robe
rPois    .         Spirit   .   c - +0 hat
rElec    .         Reflect  .   (no cloak)
rCorr    .         Harm     .   (gloves unavailable)
MR       .....                  (boots unavailable)
Stlth    +++.......             (no amulet)
HPRegen  0.07/turn              m - ring of protection from fire
MPRegen  0.09/turn              (no ring)

@: very quick
A: very small, unfitting armour, see invisible, herbivore, speed 3, slow
metabolism 2
a: no special abilities


You were on level 2 of the Dungeon.
You were hungry.

You visited 1 branch of the dungeon, and saw 3 of its levels.

You collected 19 gold pieces.

Inventory:

Hand Weapons
 a - a +0 long sword
 d - a +0 dagger (weapon)
 n - a +2 whip of venom
Armour
 b - a +0 robe (worn)
 c - a +0 hat (worn)
Jewellery
 m - a ring of protection from fire (left hand)
Wands
 o - a wand of scattershot (1)
 q - a wand of random effects (16)
Scrolls
 i - a scroll of teleportation {unknown}
 j - a scroll of immolation {unknown}
 k - 2 scrolls of remove curse {unknown}
 l - 4 scrolls of enchant armour {unknown}
Potions
 h - a potion of mutation {unknown}
 p - a potion of degeneration {unknown}
Comestibles
 f - 7 rations


   Skills:
 + Level 2.3 Fighting
 + Level 3.1 Long Blades
 - Level 2.0 Throwing
 + Level 5.5 Dodging
 + Level 3.2 Stealth


You had 3 spell levels left.
You didn't know any spells.
Your spell library was empty.

Dungeon Overview and Level Annotations

Branches:
Dungeon (3/15)

Altars:
Qazlal
Sif Muna
Wu Jian


Innate Abilities, Weirdness & Mutations

You are very small and have problems with some larger weapons.
You are too small for most types of armour.
You have supernaturally acute eyesight. (SInv)
You are a herbivore.
You cover ground extremely quickly.
You need to consume almost no food.


Message History

The orc wizard hits you with a +0 dagger.
You bump into the rock wall.
The orc wizard hits you with a +0 dagger.
You bump into the rock wall.
You feel less confused.
The orc wizard hits you but does no damage.
You hit the orc wizard but do no damage.
The orc wizard is heavily wounded.
You hit the orc wizard.
The orc wizard is severely wounded.
The orc wizard barely misses you.
You hit the orc wizard but do no damage.
The orc wizard is severely wounded.
The orc wizard points at you and mumbles some strange words.
The magic dart hits you!
* * * LOW HITPOINT WARNING * * *
You closely miss the orc wizard.
The orc wizard is severely wounded.
The orc wizard hits you with a +0 dagger.
You die...

..####..# #.####### #...##### #
..####..# #.......# #.......# #
..#†.#..####.#####.# #..####.#
#
.............##....###....##.##
........####.##.##...(........#
........# #.......###.##.##..#
.######## ####.>### #....##..#
## ##.# #....†...# #@#
##.#####.# #o# #.# #.### ##.#
###.### #.... #..# #.....#
##.## #.## #.....####.## #.#
#.....##...(. #.# #.....##.#(##
#.# #.....##<#.## #.#
########.#...


You could see an orc wizard (invisible).

Vanquished Creatures
  Terence (D:2)
  2 adders
  An ooze (D:2)
  3 dart slugs
  2 worms (D:2)
  3 leopard geckos
  An orc (D:3)
  6 bats
  3 giant cockroaches
  7 goblins
  3 hobgoblins
  2 quokkas (D:2)
  7 frilled lizards
  4 kobolds
  9 rats
54 creatures vanquished.

Notes
Turn   | Place    | Note
-------+----------+-------------------------------------------
     0 | D:1      | PentaManta the Spriggan Gladiator began the quest for the
                  | Orb.
     0 | D:1      | Reached XP level 1. HP: 10/10 MP: 2/2
   169 | D:1      | Reached skill level 1 in Stealth
   173 | D:1      | Reached XP level 2. HP: 15/15 MP: 3/3
  1100 | D:2      | Reached skill level 5 in Dodging
  1100 | D:2      | Reached XP level 3. HP: 13/18 MP: 4/4
  1389 | D:2      | Noticed Terence
  1415 | D:2      | Killed Terence
  1817 | D:2      | Reached XP level 4. HP: 23/23 MP: 5/5
  2499 | D:3      | Found an ornate altar of the Wu Jian Council.
  2501 | D:3      | Found a stormy altar of Qazlal.
  2501 | D:3      | Found a shimmering blue altar of Sif Muna.
  2948 | D:2      | HP: 1/23 [orc wizard/+0 dagger (4)]
  3285 | D:2      | Slain by an orc wizard

Levels and vault maps discovered:
D:1:      onia_arrival_mini_maze, layout_basic, minmay_liquid_box
D:2:      layout_loops_cross, uniq_terence
D:3:      layout_loops_ring, grunt_temple_overflow_open, first_ration,
          uniq_crazy_yiuf_cottage, uniq_natasha

Skill      XL: |  1  2  3  4 |
---------------+-------------+-----
Stealth        | 1 2 3 |  3.2
Fighting       | 2 |  2.3
Dodging        | 5 |  5.5
Long Blades    | 3 |  3.1
Throwing       | |  2.0

Action                   |  1- 3 |  4- 6 || total
-------------------------+-------+-------++-------
Melee: Long sword        |    70 |       ||    70
       Dagger            |    26 |   141 ||   167
Throw: Throwing net      |     3 |       ||     3
  Use: Potion            |       |     2 ||     2
 Stab: Sleeping          |     3 |     5 ||     8
       Held in net/web   |     4 |       ||     4
Armor: Robe              |     4 |     8 ||    12
Dodge: Dodged            |    75 |    88 ||   163
       Rpst.: Long sword |    20 |       ||    20
